NCAA
STANFORD CARDINAL @ ARKANSAS RAZORBACKS
05/05/2025
 
TOP OF THE 1ST
Stanford Cardinal batting - Pitching for Arkansas Razorbacks : LHP Henry Pacheco
Pitching: LHP Henry Pacheco
Batting: LHB Bob James 0-0: Fly out, F7 (Flyball, 7LM)
Batting: LHB Alberto Roberts 0-0: Ball
1-0: Bunt for hit - play at first, batter OUT! 1-3
Batting: RHB Fernando Vargas 0-0: Foul Ball, location: 2F
0-1: DOUBLE (Line Drive, 56D)
Batting: LHB Manny Vigil 0-0: Called Strike
0-1: Foul Ball, location: 2F
0-2: Foul Ball, location: 2F
0-2: Ball
1-2: Ball
2-2: Strikes out looking
Top of the 1st over - 0 run(s), 1 hit(s), 0 error(s), 1 left on base; Stanford 0 - Arkansas 0
BOTTOM OF THE 1ST
Arkansas Razorbacks batting - Pitching for Stanford Cardinal : RHP Wayne Williams
Pitching: RHP Wayne Williams
Batting: RHB Domingo Morales 0-0: Ball
1-0: Called Strike
1-1: Ground out 4-3 (Groundball, 4)
Batting: RHB Andrew Weatherly 0-0: Called Strike
0-1: Ball
1-1: Ball
2-1: Ball
3-1: Base on Balls
Batting: LHB Richard Hinkle 0-0: Ball
1-0: Foul Ball, location: 2F
1-1: Ball
2-1: Foul Ball, location: 2F
2-2: Ball
3-2: Strikes out looking
Batting: LHB Carter Sweet 0-0: Ball
1-0: 2-RUN HOME RUN (Flyball, 9LD), Distance : 323 ft
Batting: RHB Stan Simpson 0-0: Called Strike
0-1: SINGLE (Groundball, 34)
Batting: LHB Paul Valentine 0-0: Ball
1-0: Foul Ball, location: 2F
1-1: Called Strike
1-2: Ball
2-2: Foul Ball, location: 2F
2-2: Ball
3-2: Strikes out swinging
Bottom of the 1st over - 2 run(s), 2 hit(s), 0 error(s), 1 left on base; Stanford 0 - Arkansas 2
TOP OF THE 2ND
Stanford Cardinal batting - Pitching for Arkansas Razorbacks : LHP Henry Pacheco
Batting: RHB Albert Abbott 0-0: Called Strike
0-1: Ball
1-1: Ground out 2-3 (Groundball, 25)
Batting: LHB Roderick Delgado 0-0: Called Strike
0-1: Ball
1-1: Called Strike
1-2: Ground out 4-3 (Groundball, 34)
Batting: RHB Chad Battle 0-0: Foul Ball, location: 2F
0-1: Foul Ball, location: 2F
0-2: Fly out, F8 (Flyball, 8RM)
Top of the 2nd over - 0 run(s), 0 hit(s), 0 error(s), 0 left on base; Stanford 0 - Arkansas 2
BOTTOM OF THE 2ND
Arkansas Razorbacks batting - Pitching for Stanford Cardinal : RHP Wayne Williams
Batting: RHB Jon Anderson 0-0: Ball
1-0: Called Strike
1-1: Fly out, F9 (Flyball, 89M)
Batting: SHB Ed Dundee 0-0: Called Strike
0-1: Ball
1-1: Called Strike
1-2: Ball
2-2: Strikes out looking
Batting: RHB Cipriano Vega 0-0: Ball
1-0: Ball
2-0: Called Strike
2-1: Swinging Strike
2-2: Fly out, F9 (Flyball, 9S)
Bottom of the 2nd over - 0 run(s), 0 hit(s), 0 error(s), 0 left on base; Stanford 0 - Arkansas 2
TOP OF THE 3RD
Stanford Cardinal batting - Pitching for Arkansas Razorbacks : LHP Henry Pacheco
Now in RF: Earl Willis
Batting: RHB Scott McGuire 0-0: Swinging Strike
0-1: Swinging Strike
0-2: SINGLE (Line Drive, 7S)
Batting: RHB Foster Robinson 0-0: Called Strike
0-1: Ball
1-1: Ball
2-1: Ball
3-1: Base on Balls
Scott McGuire to second
Batting: LHB Bob James 0-0: Foul Ball, location: 2F
0-1: Ball
1-1: Ball
2-1: Ball
3-1: Base on Balls
Scott McGuire to third
Foster Robinson to second
Batting: LHB Alberto Roberts 0-0: Ball
1-0: Ball
2-0: Ball
3-0: Base on Balls
Scott McGuire scores
Foster Robinson to third
Bob James to second
Batting: RHB Fernando Vargas 0-0: Ball
1-0: Foul Ball, location: 2F
1-1: Ball
2-1: Foul Ball, location: 2F
2-2: Ball
3-2: Base on Balls
Foster Robinson scores
Bob James to third
Alberto Roberts to second
Batting: LHB Manny Vigil 0-0: Ball
1-0: Foul Ball, location: 2F
1-1: Ball
2-1: Ball
3-1: Base on Balls
Bob James scores
Alberto Roberts to third
Fernando Vargas to second
Batting: RHB Albert Abbott 0-0: Ball
1-0: Foul Ball, location: 2F
1-1: Grounds into fielders choice 1-2 (Groundball, 15S)
Fernando Vargas to third
Manny Vigil to second
Batting: LHB Roderick Delgado 0-0: Called Strike
0-1: Ball
1-1: Swinging Strike
1-2: Foul Ball, location: 2F
1-2: Ball
2-2: Strikes out swinging
Batting: RHB Chad Battle 0-0: Ball
1-0: Ground out 1-3 (Groundball, 15S)
Top of the 3rd over - 3 run(s), 1 hit(s), 0 error(s), 3 left on base; Stanford 3 - Arkansas 2
BOTTOM OF THE 3RD
Arkansas Razorbacks batting - Pitching for Stanford Cardinal : RHP Wayne Williams
Batting: RHB Domingo Morales 0-0: Ball
1-0: Ball
2-0: Called Strike
2-1: Ball
3-1: Base on Balls
Batting: RHB Andrew Weatherly 0-0: Ball
1-0: Swinging Strike
1-1: Swinging Strike
1-2: Foul Ball, location: 2F
1-2: Strikes out swinging
Throwing error on steal attempt, E2
Domingo Morales to third
Batting: LHB Richard Hinkle 0-0: Ball
1-0: DOUBLE (Groundball, 3L)
Domingo Morales scores
Batting: LHB Carter Sweet 0-0: Called Strike
0-1: Foul Ball, location: 2F
0-2: Strikes out swinging
Batting: RHB Stan Simpson 0-0: Ball
Wild Pitch!
Richard Hinkle to third
1-0: Swinging Strike
1-1: Swinging Strike
1-2: Foul Ball, location: 2F
1-2: Foul Ball, location: 2F
1-2: Ball
2-2: Strikes out swinging
Bottom of the 3rd over - 1 run(s), 1 hit(s), 1 error(s), 1 left on base; Stanford 3 - Arkansas 3
TOP OF THE 4TH
Stanford Cardinal batting - Pitching for Arkansas Razorbacks : LHP Henry Pacheco
Batting: RHB Scott McGuire 0-0: Foul Ball, location: 2F
0-1: Ball
1-1: Ground out 6-3 (Groundball, 6)
Batting: RHB Foster Robinson 0-0: Ball
1-0: Called Strike
1-1: Called Strike
1-2: Ball
2-2: Foul Ball, location: 2F
2-2: Ground out 6-3 (Groundball, 6M)
Batting: LHB Bob James 0-0: Called Strike
0-1: Called Strike
0-2: Ball
1-2: Ball
2-2: Fly out, F9 (Flyball, 9M)
Top of the 4th over - 0 run(s), 0 hit(s), 0 error(s), 0 left on base; Stanford 3 - Arkansas 3
BOTTOM OF THE 4TH
Arkansas Razorbacks batting - Pitching for Stanford Cardinal : RHP Wayne Williams
Batting: LHB Paul Valentine 0-0: Ball
1-0: Called Strike
1-1: Ground out 4-3 (Groundball, 4)
Batting: RHB Jon Anderson 0-0: Ball
1-0: SINGLE (Groundball, 6D)
Batting: RHB Earl Willis 0-0: SINGLE (Line Drive, 4MD)
Jon Anderson to second
Batting: RHB Cipriano Vega 0-0: Ball
1-0: Ball
2-0: Ball
3-0: Base on Balls
Jon Anderson to third
Earl Willis to second
Batting: RHB Domingo Morales 0-0: Called Strike
0-1: Foul Ball, location: 2F
0-2: Ball
1-2: Fly out, F8 (Flyball, 8RM)
Runner from 3rd tags up, SCORES, throw made
Batting: RHB Andrew Weatherly 0-0: SINGLE (Groundball, 56D)
Earl Willis to third
Cipriano Vega to second
Runner from 3rd tries for Home, SAFE, no throw or cutoff
Batting: LHB Richard Hinkle 0-0: Ball
1-0: Foul Ball, location: 2F
1-1: Swinging Strike
1-2: Ball
2-2: Strikes out looking
Bottom of the 4th over - 2 run(s), 3 hit(s), 0 error(s), 2 left on base; Stanford 3 - Arkansas 5
TOP OF THE 5TH
Stanford Cardinal batting - Pitching for Arkansas Razorbacks : LHP Henry Pacheco
Batting: LHB Alberto Roberts 0-0: Ball
1-0: Ground out 6-3 (Groundball, 6)
Batting: RHB Fernando Vargas 0-0: Swinging Strike
0-1: Called Strike
0-2: Fly out, F8 (Flyball, 8RD)
Batting: LHB Manny Vigil 0-0: Ball
1-0: Called Strike
1-1: Foul Ball, location: 2F
1-2: Foul Ball, location: 2F
1-2: Foul Ball, location: 2F
1-2: Strikes out swinging
Top of the 5th over - 0 run(s), 0 hit(s), 0 error(s), 0 left on base; Stanford 3 - Arkansas 5
BOTTOM OF THE 5TH
Arkansas Razorbacks batting - Pitching for Stanford Cardinal : RHP Wayne Williams
Pitching: RHP Emery Ritchey
Batting: LHB Carter Sweet 0-0: Ball
1-0: Called Strike
1-1: Called Strike
1-2: Strikes out swinging
Batting: RHB Stan Simpson 0-0: Swinging Strike
0-1: Ball
1-1: Swinging Strike
1-2: Foul Ball, location: 2F
1-2: Ball
2-2: Ball
3-2: Base on Balls
Batting: LHB Paul Valentine 0-0: Foul Ball, location: 2F
0-1: Foul Ball, location: 2F
0-2: Ball
1-2: 2-RUN HOME RUN (Line Drive, 9LD), Distance : 333 ft
Batting: RHB Jon Anderson 0-0: Ball
1-0: Foul Ball, location: 2F
1-1: Swinging Strike
1-2: Strikes out swinging
Batting: RHB Earl Willis 0-0: Ball
1-0: Ball
2-0: Ball
3-0: Base on Balls
Batting: RHB Cipriano Vega 0-0: Ball
1-0: Foul Ball, location: 2F
1-1: Ball
Earl Willis is caught stealing 2nd base
Bottom of the 5th over - 2 run(s), 1 hit(s), 0 error(s), 0 left on base; Stanford 3 - Arkansas 7
TOP OF THE 6TH
Stanford Cardinal batting - Pitching for Arkansas Razorbacks : LHP Henry Pacheco
Pitching: LHP Bobby MacGruder
Batting: RHB Albert Abbott 0-0: SINGLE (Flyball, 8RS)
Batting: LHB Roderick Delgado 0-0: Swinging Strike
0-1: Fly out, F8 (Flyball, 8LM)
Batting: RHB Chad Battle 0-0: Ball
1-0: Called Strike
1-1: SINGLE (Line Drive, 89M)
Albert Abbott to second
Runner from 2nd tries for 3rd, SAFE, no throw or cutoff
Batting: RHB Scott McGuire 0-0: Fly out, F8 (Flyball, 8RXD)
Runner from 3rd tags up, SCORES, no throw
Batting: RHB Foster Robinson 0-0: Ball
1-0: SINGLE (Line Drive, 6MD)
Chad Battle to second
Batting: LHB Bob James 0-0: Ball
1-0: Swinging Strike
1-1: Called Strike
1-2: Foul Ball, location: 2F
1-2: Ball
2-2: Fly out, F2 (Popup, 2LF)
Top of the 6th over - 1 run(s), 3 hit(s), 0 error(s), 2 left on base; Stanford 4 - Arkansas 7
BOTTOM OF THE 6TH
Arkansas Razorbacks batting - Pitching for Stanford Cardinal : RHP Emery Ritchey
Batting: RHB Cipriano Vega 0-0: Called Strike
0-1: Called Strike
0-2: Strikes out swinging
Batting: RHB Domingo Morales 0-0: Ground out 5-3 (Groundball, 56S)
Batting: RHB Andrew Weatherly 0-0: Ball
1-0: Fly out, F9 (Flyball, 9M)
Bottom of the 6th over - 0 run(s), 0 hit(s), 0 error(s), 0 left on base; Stanford 4 - Arkansas 7
TOP OF THE 7TH
Stanford Cardinal batting - Pitching for Arkansas Razorbacks : LHP Bobby MacGruder
Batting: LHB Alberto Roberts 0-0: Ground out 4-3 (Groundball, 4)
Batting: RHB Fernando Vargas 0-0: Called Strike
0-1: Ground out 5-3 (Groundball, 56)
Batting: LHB Manny Vigil 0-0: Called Strike
0-1: SINGLE (Groundball, 5D)
Batting: RHB Albert Abbott 0-0: Ball
1-0: Foul Ball, location: 2F
1-1: Ball
2-1: Foul Ball, location: 2F
2-2: Fielders Choice at 2nd, U6 (Groundball, 6M)
Top of the 7th over - 0 run(s), 1 hit(s), 0 error(s), 1 left on base; Stanford 4 - Arkansas 7
BOTTOM OF THE 7TH
Arkansas Razorbacks batting - Pitching for Stanford Cardinal : RHP Emery Ritchey
Pitching: RHP Ricardo Gutiérrez
Batting: LHB Richard Hinkle 0-0: Foul Ball, location: 2F
0-1: Called Strike
0-2: Ball
1-2: Strikes out looking
Batting: LHB Carter Sweet 0-0: Ball
1-0: Foul Ball, location: 2F
1-1: SINGLE (Line Drive, 8RS)
Batting: RHB Stan Simpson 0-0: Ball
1-0: Called Strike
1-1: Foul Ball, location: 2F
1-2: Ball
2-2: Strikes out swinging
Batting: LHB Paul Valentine 0-0: Swinging Strike
0-1: Ground out 3-1 (Groundball, 34)
Bottom of the 7th over - 0 run(s), 1 hit(s), 0 error(s), 1 left on base; Stanford 4 - Arkansas 7
TOP OF THE 8TH
Stanford Cardinal batting - Pitching for Arkansas Razorbacks : LHP Bobby MacGruder
Batting: LHB Roderick Delgado 0-0: Called Strike
0-1: Ball
1-1: Foul Ball, location: 2F
1-2: Strikes out looking
Pitching: RHP Logan Webster
Batting: RHB Chad Battle 0-0: Ball
1-0: Ball
2-0: Ball
3-0: Base on Balls
Batting: RHB Scott McGuire 0-0: Ball
1-0: Ball
2-0: Ball
3-0: Called Strike
3-1: Base on Balls
Chad Battle to second
Batting: RHB Foster Robinson 0-0: Ball
1-0: 3-RUN HOME RUN (Flyball, 7LD), Distance : 339 ft
Pitching: RHP Kelly Russell
Batting: LHB Bob James 0-0: Ball
1-0: Foul Ball, location: 2F
1-1: Ball
2-1: Ground out 4-3 (Groundball, 34)
Batting: LHB Alberto Roberts 0-0: Ball
1-0: Called Strike
1-1: Swinging Strike
1-2: Ball
2-2: Strikes out swinging
Top of the 8th over - 3 run(s), 1 hit(s), 0 error(s), 0 left on base; Stanford 7 - Arkansas 7
BOTTOM OF THE 8TH
Arkansas Razorbacks batting - Pitching for Stanford Cardinal : RHP Ricardo Gutiérrez
Batting: RHB Jon Anderson 0-0: Swinging Strike
0-1: Called Strike
0-2: Strikes out swinging
Batting: RHB Earl Willis 0-0: Ball
1-0: Ball
2-0: Foul Ball, location: 2F
2-1: Foul Ball, location: 2F
2-2: Reached on error, E6 (Groundball, 6)
Batting: RHB Cipriano Vega 0-0: Called Strike
Earl Willis steals 2nd base
0-1: Ball
1-1: Foul Ball, location: 2F
1-2: Strikes out looking
Batting: RHB Domingo Morales 0-0: Ball
1-0: Ball
2-0: Ball
3-0: Called Strike
3-1: Foul Ball, location: 2F
3-2: Base on Balls
Batting: RHB Andrew Weatherly 0-0: Called Strike
0-1: Ball
1-1: Foul Ball, location: 2F
1-2: Ball
2-2: Ground out U3 (Groundball, 3)
Bottom of the 8th over - 0 run(s), 0 hit(s), 1 error(s), 2 left on base; Stanford 7 - Arkansas 7
TOP OF THE 9TH
Stanford Cardinal batting - Pitching for Arkansas Razorbacks : RHP Kelly Russell
Pitching: RHP Jesús Medina
Batting: RHB Fernando Vargas 0-0: Called Strike
0-1: Foul Ball, location: 2F
0-2: Ball
1-2: Ball
2-2: Foul Ball, location: 2F
2-2: SINGLE (Line Drive, 7LS)
Batting: LHB Manny Vigil 0-0: Ball
1-0: Foul Ball, location: 2F
1-1: Swinging Strike
1-2: Ball
2-2: Strikes out swinging
Batting: RHB Albert Abbott 0-0: Ball
1-0: Called Strike
1-1: Foul Ball, location: 2F
1-2: Ball
2-2: Ball
3-2: Base on Balls
Fernando Vargas to second
Batting: LHB Roderick Delgado 0-0: Called Strike
0-1: Called Strike
0-2: Ball
1-2: 3-RUN HOME RUN (Flyball, 9D), Distance : 362 ft
Pitching: RHP Jorge Santana
Batting: RHB Chad Battle 0-0: Ball
1-0: Ball
2-0: Called Strike
2-1: Ball
3-1: Base on Balls
Batting: RHB Scott McGuire 0-0: Foul Ball, location: 2F
0-1: Ball
1-1: SINGLE (Flyball, 89S)
Chad Battle to second
Batting: RHB Foster Robinson 0-0: Called Strike
0-1: Ball
1-1: Called Strike
1-2: Fly out, F8 (Flyball, 8RM)
Batting: LHB Bob James 0-0: Ball
1-0: Called Strike
1-1: Foul Ball, location: 2F
1-2: Ball
2-2: Foul Ball, location: 2F
2-2: Foul Ball, location: 2F
2-2: Ball
3-2: Base on Balls
Chad Battle to third
Scott McGuire to second
Batting: LHB Alberto Roberts 0-0: Ball
1-0: Called Strike
1-1: Called Strike
1-2: Strikes out swinging
Top of the 9th over - 3 run(s), 3 hit(s), 0 error(s), 3 left on base; Stanford 10 - Arkansas 7
BOTTOM OF THE 9TH
Arkansas Razorbacks batting - Pitching for Stanford Cardinal : RHP Ricardo Gutiérrez
Pitching: RHP Tom Newell
Batting: LHB Richard Hinkle 0-0: Called Strike
0-1: Ball
1-1: Ground out 4-3 (Groundball, 4)
Batting: LHB Carter Sweet 0-0: Foul Ball, location: 2F
0-1: SOLO HOME RUN (Flyball, 9D), Distance : 365 ft
Batting: RHB Stan Simpson 0-0: Foul Ball, location: 2F
0-1: Ground out 5-3 (Groundball, 5)
Batting: LHB Paul Valentine 0-0: Ground out 4-3 (Groundball, 4)
Bottom of the 9th over - 1 run(s), 1 hit(s), 0 error(s), 0 left on base; Stanford 10 - Arkansas 8
This league is powered by Out of the Park Baseball, the baseball management simulation game for PC, Mac and Linux
Tuesday, August 2nd, 2016 - OOTP Baseball 16.8 Build 38